 Dungeon Crawl Stone Soup version 0.31-a0-981-geadf994 (webtiles) character file.

Game seed: 10156847288155084957

198261 2000msi the Executioner (level 17, -19/169 HPs)
             Began as a Minotaur Berserker on Oct 31, 2023.
             Was a High Priest of Trog.
             Demolished by a merfolk
             ... wielding a +0 halberd
             ... led by a merfolk impaler
              (20 damage)
             ... on level 3 of the Shoals on Nov 1, 2023.
             The game lasted 02:36:13 (27067 turns).

2000msi the Executioner (Minotaur Berserker)       Turns: 27067, Time: 02:36:13

Health: -19/169    AC: 19    Str: 40      XL:     17   Next: 80%
Magic:  16/16      EV: 11    Int:  1 (4)  God:    Trog [*****.]
Gold:   2601       SH: 13    Dex: 12      Spells: 16/16 levels left

rFire   . . .        E - +3 broad axe of Exquisite Death {heavy, Dex+5}
rCold   + . .        D - +0 kite shield
rNeg    + . .        z - +0 pearl dragon scales
rPois   +            (helmet restricted)
rElec   +            F - +0 cloak {rCorr}
rCorr   +            g - +1 pair of gloves
SInv    +            v - +2 pair of boots
Will    +....        n - amulet of the Villain {RegenMP rPois Regen+ Str+7 Dex-4}
Stlth   +            I - ring of Levity {Wiz rElec rC+ Str+4 Stlth+}
HPRegen 1.28/turn    H - ring of see invisible
MPRegen 0.55/turn

%: wizardry (x1)
@: mighty, spiked, corroded, on berserk cooldown, slowed, very slow
A: horns 2, retaliatory headbutt
}: 1/15 runes: gossamer
a: Renounce Religion, Berserk, Trog's Hand, Brothers in Arms


You were on level 3 of the Shoals.
You worshipped Trog.
Trog was extremely pleased with you.
You visited 7 branches of the dungeon, and saw 31 of its levels.
You also visited: Sewer and Ice Cave.

You collected 4149 gold pieces.
You spent 1548 gold pieces at shops.

Inventory:

Hand Weapons
 w - a +1 broad axe of flaming
 E - the +3 broad axe of Exquisite Death (weapon) {heavy, Dex+5}
   (Trog gifted it to you on level 14 of the Dungeon)

   Dex+5:     It affects your dexterity (+5).
Armour
 g - a +1 pair of gloves (worn)
 v - a +2 pair of boots (worn)
 z - +0 pearl dragon scales (worn)
 B - the +0 pair of gloves of Nemelex Xobeh's Esteem {+Inv rPois rCorr Dex-3}
   (You found it on level 4 of the Spider Nest)

   Dex-3:     It affects your dexterity (-3).
   rPois:     It protects you from poison +Inv: It lets you turn invisible.
   rCorr:     It protects you from acid and corrosion.
 D - a +0 kite shield (worn)
 F - a +0 cloak of preservation (worn)
Jewellery
 c - a ring of positive energy
 e - a ring of positive energy
 n - the amulet of the Villain (around neck) {RegenMP rPois Regen+ Str+7 Dex-4}
   (You found it on level 3 of the Dungeon)

   [amulet of magic regeneration]

   RegenMP:   It increases your rate of magic regeneration.
   Str+7:     It affects your strength (+7).
   Dex-4:     It affects your dexterity (-4).
   rPois:     It protects you from poison Regen+: It increases your rate of
   health regeneration.
 C - a ring of protection from cold
 H - a ring of see invisible (right hand)
 I - the ring of Levity (left hand) {Wiz rElec rC+ Str+4 Stlth+}
   (You bought it in a shop on level 2 of the Orcish Mines)

   [ring of wizardry]

   Wiz:       It improves your spell success rate.
   Str+4:     It affects your strength (+4).
   rC+:       It protects you from cold.
   rElec:     It insulates you from electricity.
   Stlth+:    It makes you more stealthy.
Wands
 l - a wand of acid (30)
 m - a wand of roots (11)
 o - a wand of paralysis (10)
 x - a wand of flame (16)
 G - a wand of digging (6)
 N - a wand of mindburst (5)
Scrolls
 a - 6 scrolls of enchant armour
 b - 6 scrolls of poison
 d - 2 scrolls of silence
 j - 4 scrolls of immolation
 k - 3 scrolls of revelation
 p - 5 scrolls of butterflies
 r - 17 scrolls of teleportation
 u - 2 scrolls of enchant weapon
 y - a scroll of brand weapon
 J - 5 scrolls of fear
 K - a scroll of fog
Potions
 f - 9 potions of curing
 h - 3 potions of might
 i - 3 potions of haste
 q - 2 potions of resistance
 s - 8 potions of enlightenment
 A - 4 potions of cancellation
 L - a potion of heal wounds
 O - 4 potions of mutation


   Skills:
 + Level 19.7 Fighting
 * Level 23.1 Axes
 + Level 19.4 Armour
 - Level 2.1 Dodging
 + Level 15.0 Shields
 + Level 2.5 Evocations


You had 16 spell levels left.
You didn't know any spells.
Your spell library was empty.

Dungeon Overview and Level Annotations

Branches:
Dungeon (15/15)            Temple (1/1) D:5            Lair (5/5) D:11
 Shoals (3/4) Lair:2       Spider (4/4) Lair:2        Slime (0/5) Lair:5
    Orc (2/2) D:11            Elf (1/3) Orc:2        Vaults (0/5) D:14
 Depths (0/4) D:15          Sewer (visited)           IceCv (visited)

Altars:
Ashenzari
Cheibriados
Dithmenos
Elyvilon
Fedhas
Gozag
Hepliaklqana
Kikubaaqudgha
Makhleb
Nemelex Xobeh
Okawaru
Qazlal
Ru
Sif Muna
Trog
Uskayaw
Vehumet
Wu Jian
Xom
Yredelemnul
Zin
The Shining One

Shops:
D:3 ?   D:9 *   D:10 *   D:13 :   D:15 (?!   Orc:1 ?*(!!   Orc:2 (=(=
Shoals:2 *

Annotations:
Shoals:2 exclusion: obsidian statue
Shoals:3 Gimmok's ghost, adept MiFi


Innate Abilities, Weirdness & Mutations

You have a pair of horns on your head.
You reflexively headbutt those who attack you in melee.


Message History

You block the merfolk's attack.
You feel better.
The merfolk hits you from afar with a +0 trident.
* * * LOW HITPOINT WARNING * * *
The merfolk hits you with a +0 trident.
* * * LOW HITPOINT WARNING * * *
The merfolk hits you with a +0 trident.
* * * LOW HITPOINT WARNING * * *
A merfolk comes into view. It is wielding a +0 spear.
The merfolk shouts!
A merfolk comes into view. It is wielding a +0 halberd.
You block the merfolk's attack. 2 merfolk come into view.
A merfolk is wielding a +0 spear.
Found a stone staircase leading down.
The merfolk shouts! x3
The manticore flicks its tail.
The volley of spikes hits you!
The barbed spikes become lodged in your body.
* * * LOW HITPOINT WARNING * * *
A merfolk impaler comes into view. It is wielding a +0 trident of flaming.
The merfolk barely misses you.
The merfolk throws a boomerang.
The boomerang hits you but does no damage.
You block the merfolk's attack.
The merfolk hits you but does no damage.
Blink to where?
Press: ? - help, Q - select action, (/) - cycle Dir - move target
As you read the scroll of blinking, it crumbles to dust.
The merfolk impaler shouts!
The merfolk hits you from afar with a +0 halberd!
* * * LOW HITPOINT WARNING * * *
The merfolk throws a boomerang.
You block the boomerang.
The merfolk throws a throwing net.
You block the throwing net. The merfolk barely misses you.
You block the merfolk's attack.
The merfolk impaler hits you but does no damage.
The merfolk barely misses you.
The merfolk hits you from afar with a +0 spear.
* * * LOW HITPOINT WARNING * * *
The merfolk impaler closely misses you.
The merfolk hits you from afar with a +0 halberd!!
You die...

~~~~~~~ ~~~≈≈≈~~~~....~
~~$~~~. ~~~≈≈≈≈~~...~~~
~~.~≈≈~ ~~~≈≈≈≈~...~~.~
~..~≈≈~ ~~~~≈≈~~......
~~~~~~. ~~~~≈≈~~....##.
~.~~~.. ~~~≈≈≈≈m.m~....
.~~~... ≈~~~~~~..m~~...
...H... ~~...~~@~m~~~.#
##..t...
~..#.....m~~Wm###S.....~
#....~~~~~~§..H.~..~~
.....#.~~~~~H.m~~~~~~~
~~..~~##..~~~~.~~~~~~~~≈
~~~~~~ ....~~.~.~~~~~~~~
~~~~~~ ....~~~.~~~~~≈≈~~
~~~~~~ ~..~~~~~~~~~~~~~~
~~~~~~~~~~~~~~~~~


You could see a merfolk impaler, 5 merfolk, a manticore and Gimmok's ghost.

Vanquished Creatures
  Nikola (Spider:3)
  Jorgrun (Orc:1)
  The ghost of Ycoraneent the Devastator, an adept NaEE of Jiyva (Spider:3)
  Donald (Spider:4)
  Aizul (Spider:4)
  The ghost of Oludalup the Spry, a journeyman MfGl of Cheibriados (D:14)
  3 ghost moths (Spider:4)
  9 emperor scorpions
  A broodmother (Spider:3)
  A stone giant (D:15)
  Nessos (Lair:5)
  2 spark wasps
  Azrael (Spider:2)
  An entropy weaver (Spider:3)
  5 hydras
  An ice dragon (Lair:5)
  2 ogre magi
  2 catoblepae (Lair:4)
  2 merfolk avatars
  9 boulder beetles
  A jorogumo (Spider:2)
  7 centaur warriors
  A death yak (Lair:4)
  A merfolk aquamancer (Shoals:2)
  2 radroaches
  A ghost crab (Spider:3)
  A satyr (Shoals:2)
  13 two-headed ogres
  4 orc high priests
  A tengu warrior (D:15)
  4 demonic crawlers
  A spectral emperor scorpion (Spider:3)
  Sonja (Lair:4)
  3 skysharks
  A spectral spark wasp (Spider:3)
  Amaemon (Lair:2)
  A spectral ghost moth (Spider:3)
  8 orb spiders
  6 sea snakes
  6 pharaoh ants
  A lindwurm (Lair:5)
  9 harpies
  An arcanist (D:14)
  2 spectral broodmothers (Spider:3)
  4 deep elf pyromancers
  5 orc knights
  A spectral jorogumo (Spider:3)
  Pikel (D:4)
  A deep elf zephyrmancer (D:14)
  5 steelbarb worms
  4 orc sorcerers
  26 ugly things
  23 wolf spiders
  9 cyclopes
  A spectral radroach (Spider:3)
  2 moths of wrath
  13 fauns
  8 elephants
  7 manticores
  3 ice statues (IceCv)
  A black mamba (shapeshifter) (D:13)
  2 gargoyles
  7 cane toads
  6 black mambas
  4 water nymphs
  4 merfolk sirens (Shoals:2)
  12 torpor snails
  An orange demon (Lair:3)
  2 emperor scorpion simulacra (Spider:3)
  2 rime drakes
  A yaktaur (D:15)
  An unseen horror (shapeshifter) (D:13)
  Maggie (D:10)
  A ghost moth simulacrum (Spider:3)
  A freezing wraith (IceCv)
  10 komodo dragons
  4 merfolk (Shoals:2)
  8 tyrant leeches
  A wind drake (Shoals:2)
  3 trolls
  4 polar bears
  11 blink frogs
  8 hornets (Lair:5)
  5 dream sheep
  20 tarantellas
  3 snapping turtles
  4 slime creatures (D:14)
  19 jumping spiders
  15 culicivoras
  A vampire (D:12)
  2 water elementals (Shoals:2)
  9 wyverns
  A fire elemental (Spider:2)
  2 shadows
  Eustachio (D:6)
  54 yaks
  2 steam dragons
  17 vampire mosquitoes
  3 wraiths
  9 basilisks
  34 redbacks
  3 wargs
  Menkaure (D:6)
  3 acid dragons
  2 hydra simulacra (IceCv)
  Duvessa (D:6)
  4 hell hounds (Spider:2)
  13 water moccasins
  A sky beast (D:7)
  5 black bears
  20 orc warriors
  A radroach simulacrum (Spider:3)
  2 ice beasts
  22 wolves
  8 ogres
  8 centaurs
  A kobold brigand (D:10)
  2 gnoll sergeants
  15 bullfrogs
  A cane toad simulacrum (IceCv)
  2 scorpions (D:4)
  5 wights (D:7)
  Dowan (D:6)
  4 elephant simulacra (IceCv)
  10 killer bees
  A howler monkey (D:7)
  An electric eel (Lair:3)
  A lava snake (D:15)
  19 orc priests
  2 hounds
  3 gnoll boudas
  5 jellies
  A scorpion zombie (D:4)
  5 iguanas
  27 orc wizards
  A sleepcap (D:5)
  10 hell rats (Lair:2)
  A wolf simulacrum (IceCv)
  2 hound zombies (D:4)
  8 adders
  23 gnolls
  A shadow imp (D:6)
  3 white imps
  An adder zombie (D:4)
  3 worms
  3 dart slugs
  71 orcs
  6 endoplasms
  2 giant cockroaches
  A goblin (D:4)
  3 hobgoblins
  6 jackals
  6 quokkas
  6 ball pythons
  9 bats
  6 frilled lizards
  A goblin skeleton (D:8)
  2 hobgoblin zombies (D:8)
  15 kobolds
  A kobold skeleton (D:8)
  An orc skeleton (D:8)
  A quokka zombie (D:4)
  6 rats
931 creatures vanquished.

Vanquished Creatures (collateral kills)
  Agnes (Spider:3)
  The ghost of Xakoaj the Slicer, a journeyman VSFi of Uskayaw (D:13)
  3 hydras (Lair:4)
  A centaur warrior (D:13)
  A demonic crawler (Spider:3)
  2 orc knights (D:13)
  An ugly thing (D:14)
  An elephant (Lair:4)
  A polar bear (Lair:4)
  3 yaks (Lair:4)
  2 orc warriors (D:13)
  A wolf (Lair:4)
18 creatures vanquished.

Vanquished Creatures (others)
  2 yaks (D:11)
  A basilisk (D:14)
  A redback (Spider:4)
  A swamp drake (D:11)
  A goblin zombie (D:8)
  A kobold zombie (D:8)
  An orc skeleton (D:8)
8 creatures vanquished.

Grand Total: 957 creatures vanquished

Notes
Turn   | Place    | Note
-------+----------+-------------------------------------------
     0 | D:1      | 2000msi the Minotaur Berserker began the quest for the Orb.
     0 | D:1      | Reached XP level 1. HP: 19/19 MP: 0/0
   168 | D:1      | Reached XP level 2. HP: 27/27 MP: 1/1
   311 | D:1      | Reached skill level 4 in Axes
   923 | D:2      | Found a hide-covered altar of Uskayaw.
   935 | D:2      | Reached XP level 3. HP: 33/33 MP: 2/2
  1128 | D:2      | Reached ** piety under Trog
  1494 | D:3      | Reached XP level 4. HP: 32/41 MP: 3/3
  1615 | D:3      | Found Jaehomo's Magic Scroll Shop.
  1722 | D:3      | Reached skill level 5 in Fighting
  1722 | D:3      | Reached skill level 5 in Axes
  1722 | D:3      | Reached XP level 5. HP: 32/48 MP: 4/4
  1848 | D:3      | Found a faded altar of an unknown god.
  1900 | D:3      | Noticed an ice beast
  1908 | D:3      | Killed an ice beast
  1952 | D:3      | Identified the amulet of the Villain {RegenMP rPois Regen+
                  | Str+7 Dex-4}
  2058 | D:3      | Reached XP level 6. HP: 56/56 MP: 5/5
  2620 | D:3      | Bought a scroll of identify for 22 gold pieces
  2620 | D:3      | Bought a scroll of noise for 11 gold pieces
  2620 | D:3      | Bought a scroll of teleportation for 33 gold pieces
  2661 | D:4      | Reached skill level 5 in Armour
  2779 | D:4      | Reached skill level 6 in Axes
  2781 | D:4      | Reached XP level 7. HP: 50/64 MP: 6/6
  2905 | D:4      | Reached *** piety under Trog
  3060 | D:4      | Reached skill level 7 in Axes
  3078 | D:4      | Found a basalt altar of Yredelemnul.
  3123 | D:4      | Noticed Pikel
  3149 | D:4      | Killed Pikel
  3150 | D:4      | Reached XP level 8. HP: 74/74 MP: 7/7
  3431 | D:5      | Entered Level 5 of the Dungeon
  3437 | D:5      | Found a staircase to the Ecumenical Temple.
  3478 | Temple   | Entered the Ecumenical Temple
  3525 | D:5      | Identified the +1 scale mail "Hihonot" {Str+7 Dex-5}
  3586 | D:5      | Found a glowing drain.
  3600 | Sewer    | Entered a sewer
  3603 | Sewer    | Reached skill level 8 in Axes
  4292 | D:6      | Noticed Eustachio
  4304 | D:6      | Killed Eustachio
  4364 | D:6      | Reached XP level 9. HP: 83/83 MP: 8/8
  4364 | D:6      | Noticed Duvessa
  4377 | D:6      | Killed Duvessa
  4378 | D:6      | Reached skill level 9 in Axes
  4382 | D:6      | Noticed Menkaure
  4385 | D:6      | Noticed Dowan
  4387 | D:6      | Killed Menkaure
  4391 | D:6      | Killed Dowan
  4943 | D:7      | Reached **** piety under Trog
  5124 | D:7      | Reached skill level 10 in Fighting
  5133 | D:7      | Reached skill level 10 in Axes
  5552 | D:8      | Found a glowing golden altar of the Shining One.
  5568 | D:8      | Reached skill level 10 in Armour
  5689 | D:8      | Found a radiant altar of Vehumet.
  5826 | D:8      | Reached XP level 10. HP: 89/94 MP: 9/9
  6059 | D:3      | Bought 2 scrolls of blinking for 165 gold pieces
  6256 | D:9      | Reached skill level 11 in Axes
  6530 | D:9      | Reached ***** piety under Trog
  6781 | D:9      | Found Vuoffupna's Fire Supplies.
  6866 | D:9      | Noticed a boulder beetle
  6882 | D:9      | Killed a boulder beetle
  6952 | D:9      | Reached skill level 12 in Axes
  7148 | D:9      | Noticed a two-headed ogre
  7156 | D:9      | Killed a two-headed ogre
  7157 | D:9      | Reached XP level 11. HP: 105/105 MP: 10/10
  7483 | D:10     | Entered Level 10 of the Dungeon
  7653 | D:10     | Noticed Maggie
  7663 | D:10     | Killed Maggie
  7664 | D:10     | Reached skill level 1 in Shields
  7969 | D:10     | Found Xownudd's Assorted Antiques.
  8011 | D:10     | Found a bloodstained altar of Trog.
  8034 | D:11     | Noticed a two-headed ogre
  8044 | D:11     | Killed a two-headed ogre
  8055 | D:11     | Found a staircase to the Orcish Mines.
  8191 | D:11     | Noticed a boulder beetle
  8191 | D:11     | Noticed a brown ugly thing
  8204 | D:11     | Killed a brown ugly thing
  8230 | D:11     | Killed a boulder beetle
  8604 | D:11     | Reached skill level 5 in Shields
  8618 | D:11     | Received a gift from Trog
  8684 | D:11     | Reached skill level 13 in Axes
  8717 | D:11     | Found a staircase to the Lair.
  8839 | D:12     | Noticed a two-headed ogre
  8861 | D:12     | Killed a two-headed ogre
  8940 | D:12     | Noticed an ogre mage
  8946 | D:12     | Noticed a two-headed ogre
  8953 | D:12     | Noticed a two-headed ogre
  8961 | D:11     | Killed a two-headed ogre
  8978 | D:11     | Killed an ogre mage
  8979 | D:11     | Reached XP level 12. HP: 83/115 MP: 11/11
  8980 | D:11     | Killed a two-headed ogre
  9635 | D:13     | Identified the of Rid Rapn
  9675 | D:13     | Noticed a boulder beetle
  9720 | D:13     | Killed a boulder beetle
  9769 | D:13     | Noticed a centaur warrior
  9780 | D:13     | Killed a centaur warrior
  9983 | D:13     | Found Jupnibb's Book Shop.
 10136 | D:13     | Found a runed translucent gate.
 10136 | D:13     | Found a runed translucent gate.
 10137 | D:13     | Found a runed translucent gate.
 10137 | D:13     | Noticed a centaur warrior
 10146 | D:13     | Noticed Xakoaj's ghost (journeyman VSFi)
 10230 | D:13     | Found an iron altar of Okawaru.
 10316 | D:13     | Reached skill level 14 in Axes
 10320 | D:13     | Killed Xakoaj's ghost
 10321 | D:13     | Reached skill level 10 in Shields
 10322 | D:13     | Killed a centaur warrior
 10410 | D:14     | Noticed a centaur warrior
 10420 | D:14     | Killed a centaur warrior
 10456 | D:14     | Reached XP level 13. HP: 50/125 MP: 12/12
 10838 | D:14     | HP: 1/125 [purple ugly thing (15)]
 10967 | D:14     | Found a transporter.
 10971 | D:14     | Found a transporter.
 10973 | D:14     | Noticed Oludalup's ghost (journeyman MfGl)
 11056 | D:14     | Reached skill level 15 in Fighting
 11090 | D:14     | Found a gate to the Vaults.
 11102 | D:14     | Reached skill level 15 in Axes
 11314 | D:14     | Identified the +3 broad axe of Exquisite Death {heavy,
                  | Dex+5} (Trog gifted it to you on level 14 of the Dungeon)
 11314 | D:14     | Received a gift from Trog
 11412 | D:14     | HP: 1/127 [Oludalup's ghost (21)]
 11418 | D:14     | Killed Oludalup's ghost
 11419 | D:14     | Reached skill level 15 in Armour
 11676 | Lair:1   | Entered Level 1 of the Lair of Beasts
 12555 | Lair:2   | Identified the +1 mace of Qumuf {venom, rPois rC- Str+3}
 12761 | Lair:2   | Found a hole to the Spider Nest.
 12777 | Lair:2   | Reached XP level 14. HP: 130/136 MP: 13/13
 12882 | Lair:2   | Reached skill level 16 in Axes
 13295 | Lair:2   | Found a staircase to the Shoals.
 13613 | Lair:3   | Received a gift from Trog
 13752 | Lair:3   | Noticed Amaemon
 13766 | Lair:2   | Killed Amaemon
 14279 | Lair:4   | Found a frozen archway.
 14291 | IceCv    | Entered an ice cave
 14302 | IceCv    | Reached skill level 17 in Axes
 14482 | IceCv    | Identified the ring of the Serpent {*Corrode +Blink rElec
                  | rPois MP+9}
 15267 | Lair:5   | Entered Level 5 of the Lair of Beasts
 15341 | Lair:5   | Noticed Sonja
 15342 | Lair:5   | Noticed Nessos
 15407 | Lair:4   | Killed Sonja
 15458 | Lair:4   | Reached XP level 15. HP: 107/145 MP: 14/14
 15757 | Lair:4   | Reached skill level 18 in Axes
 15867 | Lair:5   | Killed Nessos
 15877 | Lair:5   | Received a gift from Trog
 16280 | Lair:5   | Found a runed translucent door.
 16489 | Lair:5   | Found a staircase to the Slime Pits.
 17064 | D:3      | Bought a scroll of enchant weapon for 82 gold pieces
 17064 | D:3      | Bought a scroll of fear for 44 gold pieces
 17171 | D:10     | Bought a silvery potion for 32 gold pieces
 17171 | D:10     | Bought a scroll labelled ZAUMMO LAET for 36 gold pieces
 17171 | D:10     | Bought 3 scrolls labelled ORCHAH WATHUNTE for 108 gold
                  | pieces
 17179 | D:10     | Identified a scroll of acquirement
 17180 | D:10     | Acquired 704 gold pieces
 17210 | Orc:1    | Entered Level 1 of the Orcish Mines
 17298 | Orc:1    | Found Xoxtupef's Distillery.
 17304 | Orc:1    | Bought a potion of ambrosia for 80 gold pieces
 17305 | Orc:1    | Found Dohyse's General Store.
 17326 | Orc:1    | Paralysed by an orc sorcerer for 3 turns
 17378 | Orc:1    | Found Ysoata's Magic Scroll Shoppe.
 17396 | Orc:1    | Found Yqibudym's Weapon Shop.
 17505 | Orc:1    | Noticed Jorgrun
 17516 | Orc:1    | Killed Jorgrun
 17591 | Orc:1    | Found Ilatuc's Distillery.
 17736 | Orc:2    | Entered Level 2 of the Orcish Mines
 18013 | Orc:2    | Found a staircase to the Elven Halls.
 18781 | Orc:2    | Found Rinach's Jewellery Shoppe.
 18781 | Orc:2    | Found Aggit's Antique Weapon Shop.
 18786 | Orc:2    | Found Roagorel's Weapon Shoppe.
 18786 | Orc:2    | Found Picodoim's Jewellery Shop.
 19188 | D:15     | Entered Level 15 of the Dungeon
 19227 | D:15     | Reached skill level 19 in Axes
 19390 | D:15     | Found Ryithrac's Distillery.
 19568 | D:15     | Found a staircase to the Depths.
 19586 | D:15     | Found Ibrunwe's Antique Weapon Boutique.
 19791 | D:15     | Found Vujalur's Magic Scroll Shoppe.
 19875 | D:15     | Received a gift from Trog
 20064 | Spider:1 | Entered Level 1 of the Spider Nest
 20470 | Spider:1 | Noticed an emperor scorpion
 20477 | Spider:1 | Killed an emperor scorpion
 20478 | Spider:1 | Reached XP level 16. HP: 155/157 MP: 15/15
 20998 | Spider:2 | Reached skill level 20 in Axes
 21060 | Spider:2 | Noticed Azrael
 21068 | Spider:2 | Killed Azrael
 21543 | Spider:2 | Identified the +0 quarterstaff of Osous {pain, Will+ rCorr
                  | Str-4 Stlth+}
 21901 | Spider:3 | Noticed Agnes
 21923 | Spider:3 | Killed Agnes
 22105 | Spider:3 | Identified the +1 pair of boots of Cheibriados, Gnashing
                  | {Dex+3}
 22186 | Spider:3 | Reached skill level 21 in Axes
 22234 | Spider:3 | Found a runed translucent gate.
 22235 | Spider:3 | Found a runed translucent gate.
 22236 | Spider:3 | Found a runed translucent gate.
 22338 | Spider:3 | Noticed Ycoraneent's ghost (adept NaEE)
 22833 | Spider:3 | Noticed Nikola
 22856 | Spider:3 | Killed Nikola
 23159 | Spider:4 | Entered Level 4 of the Spider Nest
 23245 | Spider:3 | Received a gift from Trog
 23346 | Spider:4 | Noticed Donald
 23356 | Spider:4 | Killed Donald
 23479 | Spider:4 | Reached XP level 17. HP: 134/166 MP: 16/16
 23964 | Spider:4 | Reached skill level 22 in Axes
 24057 | Spider:4 | Received a gift from Trog
 24127 | Spider:4 | Identified the serpent talisman of Hihoopha {rPois rF-
                  | Str+4}
 24127 | Spider:4 | Noticed Aizul
 24134 | Spider:4 | Killed Aizul
 24233 | Spider:4 | Got a gossamer rune of Zot
 24249 | Spider:4 | Identified the +0 pair of gloves of Nemelex Xobeh's Esteem
                  | {+Inv rPois rCorr Dex-3}
 24498 | Spider:3 | Killed Ycoraneent's ghost
 24832 | Orc:2    | Bought the ring of Levity {Wiz rElec rC+ Str+4 Stlth+} for
                  | 870 gold pieces
 24901 | Orc:1    | Bought a potion of heal wounds for 65 gold pieces
 24937 | Vaults:5 | Identified the "Jeohiarr"
 24937 | Crypt:1  | Identified the "Seh Xupai"
 24937 | Crypt:3  | Identified the "Bikoupp"
 24937 | Elf:1    | Identified the "Essoal"
 24937 | Elf:1    | Entered Level 1 of the Elven Halls
 25115 | Shoals:1 | Entered Level 1 of the Shoals
 25593 | Shoals:1 | Reached skill level 1 in Evocations
 25982 | Shoals:2 | Received a gift from Trog
 26195 | Shoals:2 | Found a runed translucent gate.
 26196 | Shoals:2 | Found a runed translucent gate.
 26287 | Shoals:2 | Found a runed translucent gate.
 26288 | Shoals:2 | Found an opulent altar of Gozag.
 26296 | Shoals:2 | Found Senuc's Assorted Antiques.
 26297 | Shoals:2 | Noticed Gimmok's ghost (adept MiFi)
 26441 | Shoals:2 | Reached skill level 23 in Axes
 27041 | Shoals:2 | Reached skill level 15 in Shields
 27066 | Shoals:3 | HP: 5/169 [merfolk/+0 halberd[a merfolk impaler] (10)]
 27067 | Shoals:3 | HP: 1/169 [merfolk/+0 spear[a merfolk impaler] (6)]
 27067 | Shoals:3 | Demolished by a merfolk

Illustrated notes

Levels and vault maps discovered:
D:1:      dpeg_arrival_rhombi, layout_loops_ring, chequers_serial_rivers_micro_e
D:2:      layout_basic, basic_altar, minmay_tripent
D:3:      layout_basic, ebering_ecumenical_altar_sacrificial, serial_shops,
          nicolae_lakefront_shop, solitary_fountain
D:4:      layout_rooms, nicolae_yredelemnul_corpse_copse,
          serial_co_window_serial, co_window_corner_a, co_window_corner_a,
          co_window_of_opportunity_a, co_window_paths_a,
          co_window_of_opportunity_a, co_window_broadway_c,
          co_window_of_opportunity_c, co_window_broadway_b, co_window_cross_4,
          uniq_pikel
D:5:      minmay_general_purpose_star, layout_rooms, minmay_temple_entry_waves,
          portal_sewer_entry_f
D:6:      layout_cave_pools, uniq_menkaure, uniq_eustachio, uniq_duvessa
D:7:      layout_loops_cross
D:8:      layout_basic, mainiacjoe_overflow_surrounded_room,
          nicolae_tso_besieged_by_evil, special_room [special_room_orc]
D:9:      layout_stronghold, nicolae_shop_fire_sale [nicolae_sub_dead_trees]
D:10:     layout_small_grid, lightli_temple_of_fire, serial_shops,
          kennysheep_mini_moat, uniq_maggie
D:11:     layout_rooms, erik_lair_dragon, orc_0_dummy, corexii_hall_statues_u
D:12:     layout_loops_ring, grunt_ministairs_12
D:13:     layout_rooms, serial_shops, nicolae_shop_competitors_out_of_business,
          gammafunk_ghost_fury_of_okawaru
D:14:     layout_basic, david_vaults_1, kennysheep_path_1, nzn_ghost_randoct
D:15:     grunt_enter_depths_giant_problem, layout_basic, minmay_misc_feat_rows,
          serial_shops, shop, nicolae_shop_trees, nicolae_shop_rolled_up,
          minivault_25_ag
Temple:   mainiacjoe_temple_bowtie_tessellation
Lair:1:   layout_chaotic_city, serial_rivers, chequers_serial_rivers_small_a,
          chequers_serial_rivers_room_a, chequers_serial_rivers_small_b,
          chequers_serial_rivers_micro_b, minivault_23
Lair:2:   layout_cave_pods, elwin_shoals_entry_rooms, spider_nest_entry_a
Lair:3:   layout_gridlike, serial_bayou_pond_b, infiniplex_staircase_pool,
          uniq_amaemon
Lair:4:   layout_regular_city, portal_ice_cave_entry_pillars_2, minivault_19,
          minmay_stone_trees_small, nicolae_lair_yak_garden, grunt_megastairs_4,
          lemuel_fruit_tree
Lair:5:   wormcave, layout_regular_city, nicolae_slime_entry_field_trip,
          grunt_megastairs_5, lemuel_fruit_fields, uniq_nessos, uniq_sonja
Shoals:1: layout_shoals
Shoals:2: layout_shoals, ebering_ghost_gozag
Shoals:3: layout_shoals, nicolae_take_the_stairs
Spider:1: nicolae_spider_mines_2
Spider:2: layout_spider_delve, drop_trap, uniq_azrael
Spider:3: layout_cave_pods, gammafunk_ghost_necromancy, drop_trap,
          nicolae_spider_swamp_cousins, uniq_agnes, uniq_nikola
Spider:4: grunt_spider_rune_circles, uniq_donald, uniq_aizul
Orc:1:    layout_caves, serial_shops, shop, shop, nicolae_shop_tiny_glass, shop,
          shop, abandoned_shop, uniq_jorgrun
Orc:2:    grunt_orc_tribal_feast, layout_diamond_mine
Elf:1:    minmay_elf_arrival_summoners, layout_rooms, serial_shops, shop,
          evilmike_minifort

Skill      XL: |  1  2  3  4  5  6  7  8  9 10 11 12 13 14 15 16 17 |
---------------+----------------------------------------------------+-----
Axes           | 4 5 6 7 8 10 12 13 14 15 17 19 21 23 | 23.1
Fighting       | 4 5 6 8 9 10 12 13 14 15 16 17 18 19 | 19.7
Armour         | 3 4 5 7 8 10 12 13 14 15 16 17 18 19 | 19.4
Shields        | 7 10 12 13 14 15 | 15.0
Evocations     | 2 |  2.5
Dodging        | |  2.1

Action                     |  1- 3 |  4- 6 |  7- 9 | 10-12 | 13-15 | 16-18 || total
---------------------------+-------+-------+-------+-------+-------+-------++-------
  Melee: Hand axe          |    79 |    41 |       |       |       |       ||   120
         Headbutt          |    14 |     7 |    33 |    90 |   149 |   121 ||   414
         War axe           |       |    52 |   253 |   485 |   125 |       ||   915
         Punch             |       |     1 |       |     1 |       |       ||     2
         Broad axe         |       |       |       |       |   669 |   536 ||  1205
 Invoke: Berserk           |       |       |     2 |     5 |    11 |    12 ||    30
         Brothers in Arms  |       |       |       |     1 |     9 |     2 ||    12
         Trog's Hand       |       |       |       |       |     2 |     3 ||     5
  Evoke: Wand              |       |       |       |       |    10 |       ||    10
         Tin of tremorston |       |       |       |       |     2 |       ||     2
    Use: Scroll            |       |     3 |     9 |     6 |     9 |     2 ||    29
         Potion            |       |       |       |       |     8 |     6 ||    14
   Stab: Confused          |       |       |       |     1 |       |       ||     1
         Invisible         |       |       |       |       |     8 |       ||     8
         Distracted        |       |       |       |       |       |     1 ||     1
         Held in net/web   |       |       |       |       |       |     1 ||     1
 Armour: Animal skin       |    14 |       |       |       |       |       ||    14
         Scale mail        |    37 |   104 |   190 |       |       |       ||   331
         Chain mail        |       |       |    12 |    11 |       |       ||    23
         Plate armour      |       |       |       |   386 |   924 |     4 ||  1314
         Pearl dragon scal |       |       |       |       |       |   649 ||   649
  Dodge: Dodged            |    47 |    55 |   134 |   167 |   356 |   285 ||  1044
  Block: Kite shield       |       |       |       |   107 |   585 |   501 ||  1193

Table legend: (Time is in decaauts)
 A = Elapsed time spent in this place.
 B = Non-inter-level travel time spent in this place.
 C = Inter-level travel time spent in this place.
 D = Time resting spent in this place.
 E = Time spent auto-exploring this place.
 F = Levels seen in this place.
 G = Mean time per level.
                   A        B        C        D        E       F      G
               +--------+--------+--------+--------+--------+-----+--------+
         Total |  27786 |  25100 |   2686 |   2777 |  14900 |  33 |  842.0 |
       Dungeon |  13120 |  11604 |   1516 |    990 |   7901 |  15 |  874.7 |
        Temple |      1 |      1 |      0 |      0 |      0 |   1 |    1.0 |
          Lair |   5277 |   4964 |    313 |    464 |   3533 |   5 | 1055.4 |
        Shoals |   2151 |   2047 |    104 |    197 |    770 |   3 |  717.0 |
   Spider Nest |   4743 |   4305 |    438 |    681 |   2111 |   4 | 1185.8 |
  Orcish Mines |   2096 |   1784 |    312 |    346 |    541 |   2 | 1048.0 |
   Elven Halls |      1 |      1 |      0 |      0 |      0 |   1 |    1.0 |
         Sewer |    136 |    136 |      0 |     14 |     44 |   1 |  136.0 |
      Ice Cave |    257 |    257 |      0 |     84 |      0 |   1 |  257.0 |
               +--------+--------+--------+--------+--------+-----+--------+

Top non-repeatable levels by time:
Spider:3: 1915 daAuts
   Orc:2: 1476 daAuts
    D:11: 1431 daAuts
     D:9: 1377 daAuts
  Lair:4: 1315 daAuts
Shoals:2: 1224 daAuts
    D:14: 1222 daAuts
Spider:4: 1204 daAuts
     D:3: 1159 daAuts
  Lair:5: 1143 daAuts
  Lair:2: 1065 daAuts
  Lair:1: 967 daAuts
Shoals:1: 914 daAuts
Spider:1: 900 daAuts
     D:2: 825 daAuts
